 Dungeon Crawl Stone Soup version 0.24-a0-244-ga6a6ab7 (webtiles) character file.

Game seed: 1065932398382020756

130 Leeroy the Gusty (level 5, 0/28 HPs)
             Began as a Tengu Air Elementalist on Apr 10, 2019.
             Slain by a hound (3 damage)
             ... on level 4 of the Dungeon.
             The game lasted 00:13:55 (2753 turns).

Leeroy the Gusty (Tengu Air Elementalist)           Turns: 2753, Time: 00:13:56

Health: 0/28       AC:  2    Str:  9    XL:     5   Next: 14%
Magic:  9/9        EV: 13    Int: 15    God:
Gold:   119        SH:  0    Dex: 15    Spells: 4/8 levels left

rFire    . . .     SeeInvis .   f - +1 dagger (venom)
rCold    . . .     Gourm    .   (no shield)
rNeg     . . .     Faith    .   x - +0 robe {MR+}
rPois    .         Spirit   .   (helmet restricted)
rElec    .         Reflect  .   (no cloak)
rCorr    .         Harm     .   (no gloves)
MR       +....                  (boots unavailable)
Stlth    ++........             (no amulet)
HPRegen  0.09/turn              (no ring)
MPRegen  0.11/turn              (no ring)

@: no status effects
A: beak, talons 3, able to fly
a: Fly


You were on level 4 of the Dungeon.
You were hungry.

You visited 1 branch of the dungeon, and saw 4 of its levels.

You collected 119 gold pieces.

Inventory:

Hand Weapons
 f - a +1 dagger of venom (weapon)
 l - a +0 dagger of protection
 o - a +0 club
 p - a +0 short sword
 r - a +0 hand axe
 s - a +0 whip
 t - a +0 mace
 A - a +0 short sword
 C - a +0 short sword
 F - a +0 dagger of draining
Missiles
 b - 34 arrows
 n - 34 poisoned needles
 q - 89 stones (quivered)
 v - 45 bolts
Armour
 a - a +0 robe
 h - a +0 chain mail
 k - a +0 chain mail
 x - a +0 robe of magic resistance (worn)
 E - a cursed +0 robe
Jewellery
 d - an uncursed ring of stealth {unknown}
 w - an uncursed ring of protection from fire {unknown}
Scrolls
 e - 2 scrolls of teleportation
 g - a scroll of remove curse {unknown}
 i - a scroll of identify {unknown}
 y - a scroll of amnesia {unknown}
 z - a scroll of enchant armour {unknown}
 D - a scroll of blinking {unknown}
Potions
 j - a potion of might {unknown}
 m - a potion of degeneration {unknown}
 u - a potion of heal wounds
 B - a potion of agility {unknown}
Comestibles
 c - 4 rations


   Skills:
 + Level 4.2 Short Blades
 - Level 2.3 Dodging
 - Level 2.0 Stealth
 - Level 2.0 Spellcasting
 + Level 1.6 Conjurations
 - Level 5.0 Air Magic


You had 4 spell levels left.
You knew the following spells:

 Your Spells              Type           Power        Failure   Level  Hunger
a - Shock                 Conj/Air       ##..         5%          1    #......
b - Static Discharge      Conj/Air       ##......     17%         3    ###....

Your spell library contained the following spells:

 Spells                   Type           Power        Failure   Level  Hunger
 Swiftness                Chrm/Air       #.......     12%         2    ###....
 Airstrike                Air            ###.......   28%         4    #####..
 Lightning Bolt           Conj/Air       ##........   83%         5    ######.


Dungeon Overview and Level Annotations

Branches:
Dungeon (4/15)
 Temple: D:4-7

Altars:
Xom

Annotations:
D:3 Sigmund


Innate Abilities, Weirdness & Mutations

You have a beak for a mouth.
You have claws for feet.
You can fly continuously.


Message History

F - a glowing dagger An orc comes into view.
It is wielding a +0 dagger.
The hound barely misses you.
The orc priest invokes the aid of Beogh against you.
Beogh smites you!
You hear a shout!
There are monsters nearby!
There are monsters nearby!
You closely miss the hound. The hound closely misses you.
You closely miss the hound. You claw the hound. You peck the hound.
The hound is moderately wounded.
The hound misses you. The hound closely misses you.
The orc priest invokes the aid of Beogh against you.
Beogh smites you!
* * * LOW HITPOINT WARNING * * *
The hound bites you.
* * * LOW HITPOINT WARNING * * *
There is a stone staircase leading up here.
The hound bites you.
You die...

####### #[@...# .
#.h...# #.
#####....##
###.###..##....##
................#
................#
................#
........o.......#
................#


You could see a hound and an orc priest.

Vanquished Creatures
  6 adders (D:3)
  2 oozes
  A worm (D:2)
  2 dart slugs (D:1)
  2 leopard geckos
  3 orcs (D:3)
  7 bats
  3 giant cockroaches (D:1)
  5 goblins
  4 hobgoblins (D:1)
  3 jackals (D:3)
  8 kobolds
  A quokka (D:2)
  2 frilled lizards
  8 rats
  A plant (D:1)
58 creatures vanquished.

Notes
Turn   | Place    | Note
-------+----------+-------------------------------------------
     0 | D:1      | Leeroy the Tengu Air Elementalist began the quest for the
                  | Orb.
     0 | D:1      | Reached XP level 1. HP: 10/10 MP: 4/4
    49 | D:1      | Reached XP level 2. HP: 6/15 MP: 3/6
   484 | D:1      | Reached skill level 5 in Air Magic
   656 | D:1      | Reached skill level 1 in Short Blades
   656 | D:1      | Reached XP level 3. HP: 19/19 MP: 7/7
   685 | D:1      | Learned a level 3 spell: Static Discharge
  1065 | D:2      | Found a shimmering altar of Xom.
  1924 | D:3      | Reached XP level 4. HP: 20/24 MP: 8/8
  2360 | D:3      | Gained mutation: You can fly continuously. [Tengu growth]
  2360 | D:3      | Reached XP level 5. HP: 13/28 MP: 9/9
  2653 | D:3      | Noticed Sigmund
  2753 | D:4      | Slain by a hound

Levels and vault maps discovered:
D:1:      nzn_arrival_crosshair, layout_loops_ring, serial_bayou_pond_c
D:2:      layout_basic, chequers_serial_rivers_micro_a,
          chequers_serial_rivers_small_a, brannock_xom_greatest_gift
D:3:      layout_basic, uniq_sigmund
D:4:      layout_gridville, minmay_strange_pillars, minmay_misc_feat_doors

Skill      XL: |  1  2  3  4 |
---------------+-------------+-----
Air Magic      | 5 |  5.0
Short Blades   | 1 2 4 |  4.2
Dodging        | |  2.3
Stealth        | |  2.0
Spellcasting   | |  2.0
Conjurations   | |  1.6

Action                   |  1- 3 |  4- 6 || total
-------------------------+-------+-------++-------
Melee: Unarmed           |    11 |       ||    11
       Peck              |    16 |    11 ||    27
       Kick              |    21 |    13 ||    34
       Dagger            |    94 |    63 ||   157
 Cast: Shock             |    11 |     6 ||    17
       Static Discharge  |     2 |     1 ||     3
  Use: Scroll            |     1 |       ||     1
       Potion            |       |     1 ||     1
 Stab: Sleeping          |     6 |     3 ||     9
  Eat: Chunk             |     4 |     2 ||     6
Armor: Robe              |    15 |    12 ||    27
Dodge: Dodged            |    67 |    39 ||   106

Table legend:
 A = Non-vault XP
 B = Vault XP
 C = Vault XP percentage of total XP
 D = Non-vault monster count
 E = Vault monster count
 F = Vault count percentage of total count
                 A         B        C        D         E       F
            +---------+---------+-------+---------+---------+-------
      Total |     187 |       0 |   0.0 |      57 |       0 |   0.0
            +---------+---------+-------+---------+---------+-------
        D:1 |      52 |       0 |   0.0 |      26 |       0 |   0.0
        D:2 |      16 |       0 |   0.0 |       7 |       0 |   0.0
        D:3 |     119 |       0 |   0.0 |      24 |       0 |   0.0
            +---------+---------+-------+---------+---------+-------
